 Dungeon Crawl Stone Soup version 0.28.0-53-g5a82cb258f (webtiles) character file.

Game seed: 14725069528263757063

73166 Infinimo the Bludgeoner (level 15, -2/179 HPs)
             Began as an Ogre Gladiator on May 26, 2022.
             Was an Initiate of Gozag.
             Killed from afar by an ogre mage (20 damage)
             ... with a bolt of magma
             ... on level 2 of the Orcish Mines.
             The game lasted 00:36:47 (27041 turns).

Infinimo the Bludgeoner (Ogre Gladiator)           Turns: 27041, Time: 00:36:48

Health: -2/179     AC: 24    Str: 28    XL:     15   Next: 42%
Magic:  15/15      EV:  4    Int: 10    God:    Gozag
Gold:   1478       SH:  0    Dex: 10    Spells: 14/14 levels left

rFire   + . .      SeeInvis +   q - +3 demon whip (freeze)
rCold   + + .      Faith    .   (no shield)
rNeg    . . .      Spirit   .   K - +6 gold dragon scales
rPois   +          Reflect  .   Q - +0 hat {SInv}
rElec   .          Harm     .   (no cloak)
rCorr   .          Rampage  .   (gloves unavailable)
Will    +....                   (boots unavailable)
Stlth   ..........              c - amulet of Maothev {RegenMP Regen+ Int-5 Slay+5}
HPRegen 1.19/turn               g - ring of protection from cold
MPRegen 0.54/turn               w - +6 ring of strength

@: about to teleport, gold aura, studying Spellcasting
A: large, unfitting armour, tough skin 1
a: Renounce Religion, Potion Petition, Call Merchant, Bribe Branch


You were on level 2 of the Orcish Mines.
You worshipped Gozag.
Gozag was most pleased with you.
You visited 4 branches of the dungeon, and saw 21 of its levels.

You collected 6599 gold pieces.
You spent 2863 gold pieces at shops.
You paid 2258 gold pieces to Gozag.

Inventory:

Hand Weapons
 q - a +3 demon whip of freezing (weapon)
 u - a +0 giant spiked club
Missiles
 d - 6 throwing nets (quivered)
Armour
 n - the +2 robe of Vanity {rPois Int-3 Slay+5 Stlth+}
   (You found it on level 2 of the Dungeon)

   Int:       It affects your intelligence (-3).
   Slay:      It affects your accuracy & damage with ranged weapons and melee
   (+5).
   rPois:     It protects you from poison.
   Stlth:     It makes you more stealthy.
 K - +6 gold dragon scales (worn)
 Q - a +0 hat of see invisible (worn)
Jewellery
 c - the amulet of Maothev (around neck) {RegenMP Regen+ Int-5 Slay+5}
   (You bought it in a shop on level 1 of the Lair of Beasts)

   [amulet of magic regeneration]

   It increases your rate of magic regeneration.
   Int:       It affects your intelligence (-5).
   Slay:      It affects your accuracy & damage with ranged weapons and melee
   (+5).
   Regen:     It increases your rate of health regeneration.
 g - a ring of protection from cold (left hand)
 w - a +6 ring of strength (right hand)
 A - a ring of ice
 L - a +6 ring of intelligence
Wands
 b - a wand of iceblast (15)
 k - a wand of polymorph (3)
 l - a wand of flame (10)
 m - a wand of mindburst (12)
 x - a wand of paralysis (2)
 C - a wand of acid (14)
 G - a wand of digging (6)
 J - a wand of charming (7)
Scrolls
 s - 6 scrolls of amnesia
 v - 4 scrolls of teleportation
 y - 2 scrolls of noise
 E - 2 scrolls of magic mapping
 F - 7 scrolls of identify
 H - 2 scrolls of holy word
 O - 2 scrolls of fog
Potions
 a - 3 potions of cancellation
 e - 3 potions of flight
 f - 3 potions of mutation
 h - 3 potions of lignification
 i - 5 potions of heal wounds
 j - 3 potions of magic
 o - 4 potions of curing
 p - a potion of berserk rage {unknown}
 r - a potion of brilliance
 t - 2 potions of might
 z - 3 potions of invisibility
 B - 4 potions of attraction
 D - 3 potions of resistance
 I - 2 potions of ambrosia
 M - 5 potions of haste


   Skills:
 + Level 18.8 Fighting
 * Level 19.1 Maces & Flails
 - Level 2.0 Throwing
 + Level 10.5 Armour
 - Level 2.6 Dodging


You had 14 spell levels left.
You didn't know any spells.
Your spell library contained the following spells:

 Spells                   Type           Power      Damage    Failure   Level
 Sting                    Tmut/Pois      0%         1d3       100%        1
 Poisonous Vapours        Pois/Air       0%         N/A       100%        2
 Stone Arrow              Conj/Erth      0%         3d7       100%        3
 Tukima's Dance           Hex            0%         N/A       100%        3
 Anguish                  Hex/Necr       0%         N/A       100%        4
 Animate Armour           Summ/Erth      0%         N/A       100%        4
 Olgreb's Toxic Radiance  Pois           0%         N/A       100%        4
 Enfeeble                 Hex            0%         N/A       100%        7
 Ozocubu's Refrigeration  Ice            0%         4d5       100%        7
 Ignition                 Fire           0%         3d3       100%        8
 Lehudib's Crystal Spear  Conj/Erth      0%         10d2      100%        8


Dungeon Overview and Level Annotations

Branches:
Dungeon (12/15)            Temple (1/1) D:7            Lair (6/6) D:10
 Shoals (0/4) Lair:2       Spider (0/4) Lair:2        Slime (0/5) Lair:5
    Orc (2/2) D:12            Elf (0/3) Orc:2

Altars:
Ashenzari
Cheibriados
Dithmenos
Elyvilon
Fedhas
Gozag
Hepliaklqana
Kikubaaqudgha
Makhleb
Nemelex Xobeh
Okawaru
Qazlal
Ru
Sif Muna
Trog
Uskayaw
Vehumet
Wu Jian
Xom
Yredelemnul
Zin
The Shining One
Beogh

Shops:
D:1 ?   D:6 [:   D:8 ?   Lair:1 =   Lair:5 [   Lair:6 *

Portals:
Trove: D:12 (give +3 gold dragon scales)

Annotations:
Lair:2 exclusion: oklob plant
Lair:5 exclusion: oklob plant


Innate Abilities, Weirdness & Mutations

You are too large for most types of armour.
You have tough skin. (AC +1)


Message History

The two-headed ogre shouts in stereo!
Items here: $ ))))))))))).
Unknown command.
You hear a shout!
The two-headed ogre is no longer distracted by gold.
The two-headed ogre hits you with a +0 giant club. x2
The two-headed ogre is distracted by your dazzling golden aura.
The ogre mage casts a spell at something.
The two-headed ogre shouts in stereo!
The ogre mage is no longer distracted by gold.
The two-headed ogre is no longer distracted by gold.
The ogre mage gestures at you while chanting.
You suddenly lose the ability to move!
The two-headed ogre hits you with a +0 giant club!
The two-headed ogre hits you with a +0 giant spiked club.
The ogre mage gestures at you while chanting.
The bolt of magma hits you!! You partially resist.
The two-headed ogre hits you but does no damage.
The two-headed ogre hits you with a +0 giant spiked club!
* * * LOW HITPOINT WARNING * * *
The ogre is distracted by your dazzling golden aura.
The two-headed ogre hits you but does no damage. x2
The ogre mage hits you with a +0 whip.
* * * LOW HITPOINT WARNING * * *
The ogre is distracted by your dazzling golden aura.
The ogre mage hits you with a +0 whip.
* * * LOW HITPOINT WARNING * * *
You can move again.
Unknown command.
Unknown command.
As you read the scroll of teleportation, it crumbles to dust.
You feel strangely unstable.
The two-headed ogre hits you with a +0 giant club!!
* * * LOW HITPOINT WARNING * * *
The two-headed ogre barely misses you.
The ogre mage hits you but does no damage.
The ogre mage gestures at you while chanting.
The bolt of magma hits you!! You partially resist.
You die...
Your body crumbles into a pile of gold. .OO

#..# ...#.........# ..O #..# ###
##.###........ ..OO #..###
##.###....##.#..... #...
##$O#.###...###.....#......
##..###..O$O..##...#.#...........
....OOO..##O...)..#............#.
......O.###..O.)..##.#.......<...
........# ##...OO#..#..........#.
.........# ##.O.@)...>...........
..........# ##..O.........#......
.........## #....#........#..#...
..$......# ##...................
.....#.... #................#..#
.........#.#.#.#.............#...
..... ..#.....................#.#
##................#... ##
#.....................


You could see 3 two-headed ogres, 2 ogre magi and 4 ogres.

Vanquished Creatures
  Gastronok (Lair:2)
  Nessos (Lair:6)
  Snorg (Lair:6)
  2 catoblepae
  9 hydras
  2 ogre magi (Orc:2)
  A merfolk avatar (Lair:6)
  8 two-headed ogres
  An anaconda (Lair:6)
  9 death yaks
  Nergalle (Lair:4)
  A sea snake (Lair:6)
  A harpy (Lair:6)
  3 manticores
  9 elephants
  4 cyclopes
  5 black mambas
  Joseph (D:10)
  9 cane toads
  A torpor snail (Lair:2)
  An unseen horror (D:12)
  6 rime drakes
  17 komodo dragons
  2 wind drakes (Lair:6)
  6 trolls
  5 polar bears
  A hornet (D:11)
  30 blink frogs
  14 dream sheep
  A jumping spider (Lair:2)
  Sigmund (D:6)
  2 shadows
  2 vampires
  A wraith (D:9)
  A spriggan (Lair:1)
  2 wyverns (Lair:5)
  76 yaks
  5 basilisks
  A steam dragon (D:7)
  A redback (Lair:2)
  8 vampire mosquitoes
  2 wargs (D:10)
  An acid dragon (D:12)
  17 water moccasins
  3 ice beasts
  2 sky beasts
  8 ogres
  7 orc warriors
  A necrophage (D:8)
  2 centaurs
  17 wolves
  13 bullfrogs
  6 scorpions
  3 killer bees (D:9)
  4 howler monkeys
  3 wights (D:7)
  3 vampire bats (D:4)
  4 centaur zombies
  A gnoll shaman (D:6)
  5 hounds
  2 jellies
  6 orc priests
  A centaur skeleton (D:7)
  7 iguanas
  7 orc wizards
  A killer bee zombie (D:6)
  2 hound skeletons (D:4)
  2 howler monkey zombies
  9 gnolls
  11 adders
  2 shadow imps
  3 white imps
  2 dart slugs
  30 orcs
  4 bat skeletons (D:4)
  A bat zombie (D:4)
  6 endoplasms
  5 giant cockroaches
  9 hobgoblins
  4 jackals
  3 quokkas
  A ball python (D:3)
  5 bats
  5 frilled lizards
  5 goblins
  7 kobolds
  6 rats
  A butterfly (Lair:1)
502 creatures vanquished.

Vanquished Creatures (others)
  15 fungi
  29 plants
44 creatures vanquished.

Grand Total: 546 creatures vanquished

Notes
Turn   | Place    | Note
-------+----------+-------------------------------------------
     0 | D:1      | Infinimo the Ogre Gladiator began the quest for the Orb.
     0 | D:1      | Reached XP level 1. HP: 22/22 MP: 1/1
   447 | D:1      | Reached skill level 3 in Maces & Flails
   459 | D:1      | Reached XP level 2. HP: 29/31 MP: 2/2
   562 | D:1      | Found Xuylopepao's Magic Scroll Shoppe.
   888 | D:1      | Found a faded altar of an unknown god.
  1519 | D:2      | Reached XP level 3. HP: 37/37 MP: 3/3
  1700 | D:2      | Found a blossoming altar of Fedhas.
  1857 | D:2      | Identified the +2 robe of Vanity {rPois Int-3 Slay+5
                  | Stlth+}
  2186 | D:2      | Identified a scroll of acquirement
  2186 | D:2      | Acquired a manual of Spellcasting
  2648 | D:3      | Reached XP level 4. HP: 42/48 MP: 4/4
  2739 | D:3      | Identified the +0 robe of Imperfection {Rampage Stlth+}
  2752 | D:3      | Reached skill level 4 in Maces & Flails
  3652 | D:3      | Reached XP level 5. HP: 46/55 MP: 5/5
  3871 | D:3      | Found a glowing golden altar of the Shining One.
  3997 | D:4      | Reached skill level 5 in Maces & Flails
  4101 | D:4      | Reached skill level 5 in Fighting
  4101 | D:4      | Reached XP level 6. HP: 66/66 MP: 6/6
  4250 | D:4      | Found a broken altar of Ashenzari.
  4266 | D:4      | Noticed a yak
  4267 | D:4      | Noticed a yak
  4301 | D:4      | Killed a yak
  4302 | D:4      | Reached skill level 6 in Maces & Flails
  4302 | D:4      | Reached XP level 7. HP: 75/75 MP: 7/7
  4333 | D:4      | Found an ancient bone altar of Kikubaaqudgha.
  4463 | D:4      | Found a burning altar of Makhleb.
  4748 | D:4      | Noticed a yak
  4756 | D:4      | Killed a yak
  4757 | D:4      | Noticed a yak
  4787 | D:4      | Killed a yak
  4788 | D:4      | Reached skill level 7 in Maces & Flails
  4788 | D:4      | Reached XP level 8. HP: 12/87 MP: 8/8
  4791 | D:4      | HP: 4/87 [orc priest/nerve-wracking pain (9)]
  5330 | D:4      | Noticed a yak
  5331 | D:4      | Noticed a yak
  5665 | D:4      | Killed a yak
  5670 | D:4      | Killed a yak
  5671 | D:4      | Reached skill level 8 in Maces & Flails
  5702 | D:4      | Killed a yak
  5997 | D:5      | Entered Level 5 of the Dungeon
  6011 | D:5      | Identified the -5 pair of gloves of the Tick {-Cast rF+
                  | Stlth+}
  6204 | D:5      | Reached skill level 9 in Maces & Flails
  6204 | D:5      | Reached XP level 9. HP: 97/97 MP: 9/9
  6866 | D:5      | Found a shimmering blue altar of Sif Muna.
  6867 | D:5      | Found an ornate altar of the Wu Jian Council.
  6869 | D:5      | Found a sparkling altar of Nemelex Xobeh.
  6871 | D:5      | Found a blossoming altar of Fedhas.
  7064 | D:6      | Found Ehirph's Book Emporium.
  7204 | D:6      | Noticed Sigmund
  7242 | D:6      | Killed Sigmund
  7243 | D:6      | Reached skill level 10 in Maces & Flails
  7270 | D:6      | Reached skill level 10 in Fighting
  7280 | D:6      | Noticed a two-headed ogre
  7288 | D:6      | Killed a two-headed ogre
  7493 | D:6      | Reached XP level 10. HP: 111/111 MP: 10/10
  7843 | D:6      | Reached skill level 11 in Maces & Flails
  7868 | D:6      | Found Vahagn's Dragon-Slaying Spoils.
  8326 | D:7      | Found a staircase to the Ecumenical Temple.
  8411 | Temple   | Entered the Ecumenical Temple
  8562 | Temple   | Became a worshipper of Gozag Ym Sagoz the Greedy
  8823 | D:7      | Reached skill level 1 in Armour
  9748 | D:8      | Found Buih's Magic Scroll Boutique.
  9831 | D:8      | Found a hazy altar of Hepliaklqana.
 10970 | D:9      | Reached skill level 12 in Maces & Flails
 11168 | D:10     | Entered Level 10 of the Dungeon
 11265 | D:10     | Noticed Joseph
 11277 | D:10     | Killed Joseph
 11278 | D:10     | Reached XP level 11. HP: 74/123 MP: 7/11
 11801 | D:10     | Found a staircase to the Lair.
 13155 | D:11     | Noticed a cyclops
 13572 | D:11     | Reached skill level 13 in Maces & Flails
 14574 | Lair:1   | Entered Level 1 of the Lair of Beasts
 14831 | D:6      | Bought +1 gold dragon scales for 1218 gold pieces
 14852 | D:6      | Acquired a manual of Maces & Flails
 15363 | Lair:1   | Reached skill level 5 in Armour
 15618 | Lair:1   | Noticed a death yak
 15653 | Lair:1   | Killed a death yak
 15654 | Lair:1   | Reached skill level 14 in Maces & Flails
 15654 | Lair:1   | Reached XP level 12. HP: 86/136 MP: 7/12
 16110 | Lair:2   | Noticed Gastronok
 16122 | Lair:2   | Killed Gastronok
 16331 | Lair:2   | Noticed a catoblepas
 16387 | Lair:2   | Killed a catoblepas
 16783 | Lair:2   | Reached skill level 15 in Maces & Flails
 16803 | Lair:2   | Noticed a six-headed hydra
 16812 | Lair:2   | Killed a six-headed hydra
 17162 | Lair:2   | Found a staircase to the Shoals.
 17317 | Lair:2   | Reached skill level 16 in Maces & Flails
 17784 | Lair:2   | Reached XP level 13. HP: 129/148 MP: 11/13
 17951 | Lair:2   | Reached skill level 15 in Fighting
 18421 | Lair:2   | Found a hole to the Spider Nest.
 18542 | Lair:2   | Reached skill level 17 in Maces & Flails
 18966 | Lair:2   | Found a blossoming altar of Fedhas.
 20162 | D:8      | Bought a scroll of acquirement for 624 gold pieces
 20163 | D:8      | Acquired 1171 gold pieces
 20172 | D:8      | Bought a scroll of enchant armour for 90 gold pieces
 20364 | D:1      | Bought a scroll of enchant armour for 105 gold pieces
 20576 | Lair:1   | Bought the amulet of Maothev {RegenMP Regen+ Int-5 Slay+5}
                  | for 570 gold pieces
 22170 | Lair:4   | Noticed Nergalle
 22189 | Lair:4   | Killed Nergalle
 22453 | Lair:5   | Reached XP level 14. HP: 133/166 MP: 14/14
 23151 | Lair:5   | Found a staircase to the Slime Pits.
 23681 | Lair:6   | Entered Level 6 of the Lair of Beasts
 23747 | Lair:5   | Reached skill level 18 in Maces & Flails
 23827 | Lair:6   | Noticed Nessos
 24063 | Lair:6   | Killed Nessos
 24743 | Lair:6   | Noticed Snorg
 24763 | Lair:6   | Killed Snorg
 24909 | Lair:6   | Reached skill level 10 in Armour
 24973 | Lair:6   | Reached XP level 15. HP: 111/176 MP: 15/15
 25229 | Lair:6   | Bought a scroll of teleportation for 96 gold pieces
 25229 | Lair:6   | Bought a potion of heal wounds for 160 gold pieces
 25434 | D:12     | Found a staircase to the Orcish Mines.
 26418 | D:12     | Found a portal to a secret trove of treasure.
 26563 | Orc:1    | Entered Level 1 of the Orcish Mines
 26571 | Orc:1    | Reached skill level 19 in Maces & Flails
 26864 | Orc:2    | Entered Level 2 of the Orcish Mines
 26882 | Orc:2    | Found a staircase to the Elven Halls.
 27036 | Orc:2    | Paralysed by an ogre mage for 5 turns
 27041 | Orc:2    | Killed from afar by an ogre mage

Illustrated notes

Levels and vault maps discovered:
D:1:      dpeg_arrival_circle_labyrinth_c, layout_rooms,
          chequers_ecumenical_altar_simple, serial_shops, nicolae_shop_trees,
          serial_forest, infiniplex_forest_clump_tiny,
          infiniplex_forest_diagonal, infiniplex_forest_diagonal,
          infiniplex_forest_diagonal, infiniplex_forest_clump_curved,
          infiniplex_forest_clump_cross, infiniplex_forest_straight_2,
          infiniplex_forest_clump_cross, infiniplex_forest_end_3,
          nicolae_concentric_dashed_squares_mild
D:2:      layout_basic, basic_altar, kennysheep_generic_room_9
D:3:      minmay_bubble_buster, layout_basic, tso_altar
D:4:      layout_basic, kennysheep_vampire_church, evilmike_ruin_ashenzari,
          mainiacjoe_overflow_alcove_1, st_stairs_4
D:5:      layout_loops_corners, minitemple
D:6:      layout_loops_cross, serial_shops, shop_statue,
          nicolae_shop_dragon_depot, uniq_sigmund
D:7:      layout_basic, minmay_temple_entry_proselytizer
D:8:      layout_basic, kennysheep_mini_moat, serial_shops, nicolae_square_shop
D:9:      layout_loops_corners
D:10:     layout_basic, erik_lair_orcish_takeover, serial_bayou_pond_c,
          uniq_joseph
D:11:     layout_loops_corners
D:12:     minmay_recursive_quarters, layout_loops_ring, orc_0_dummy,
          nicolae_trove_entry_crystal
Temple:   dshaligram_water_room_temple
Lair:1:   layout_gridlike, grunt_forest_large_clearing_hut, grunt_megastairs_1,
          lemuel_fruit_fields
Lair:2:   nzn_winding_woodlands_large [nzn_winding_woodlands_5x5_default,
          nzn_winding_woodlands_5x15_sawtooth, nzn_winding_woodlands_5x5_three,
          nzn_winding_woodlands_center_pierced_h,
          nzn_winding_woodlands_15x15_boxy_spiral,
          nzn_winding_woodlands_center_diamonds,
          nzn_winding_woodlands_5x5_perimeter,
          nzn_winding_woodlands_5x15_jagged, nzn_winding_woodlands_hourglass],
          layout_regular_city, elwin_shoals_entry_rooms, spider_nest_entry_a,
          tgw_fedhas, uniq_gastronok
Lair:3:   layout_loops_ring, lemuel_fruit_tree, grunt_megastairs_4,
          serial_bayou_shore_b
Lair:4:   layout_gridlike, infiniplex_staircase_pool_2, uniq_nergalle
Lair:5:   layout_roguey, minmay_slime_entry_oklob_enclosed
Lair:6:   gammafunk_lair_ancient_temple, layout_cave_shapes, uniq_nessos,
          uniq_snorg
Orc:1:    layout_caves, basic_altar
Orc:2:    st_orc_ogre_mass, layout_caves, serial_shops,
          nicolae_shop_hallway_plus

Skill      XL: |  1  2  3  4  5  6  7  8  9 10 11 12 13 14 15 |
---------------+----------------------------------------------+-----
Fighting       | 3 4 5 6 7 8 10 12 13 14 17 18 | 18.8
Maces & Flails | 3 4 5 6 7 9 10 12 14 16 17 18 19 | 19.1
Armour         | 3 5 6 8 10 | 10.5
Throwing       | |  2.0
Dodging        | |  2.6

Action                   |  1- 3 |  4- 6 |  7- 9 | 10-12 | 13-15 || total
-------------------------+-------+-------+-------+-------+-------++-------
Melee: Flail             |    96 |   100 |    82 |       |       ||   278
       Punch             |     1 |     1 |     1 |     8 |     8 ||    19
       Demon whip        |       |       |    79 |   519 |   858 ||  1456
Throw: Throwing net      |       |     1 |       |       |       ||     1
Invok: Call Merchant     |       |       |       |       |     3 ||     3
Evoke: Wand              |       |     6 |    24 |     1 |     7 ||    38
  Use: Scroll            |     8 |       |     3 |    10 |    15 ||    36
       Potion            |       |       |     2 |     1 |     1 ||     4
 Stab: Sleeping          |     1 |     8 |     2 |     4 |     1 ||    16
       Distracted        |       |     1 |       |     1 |     4 ||     6
       Paralysed         |       |       |       |       |     2 ||     2
Armor: Robe              |    18 |    34 |    60 |    66 |     4 ||   182
       Gold dragon scale |       |       |       |       |   488 ||   488
Dodge: Dodged            |    57 |    42 |    83 |    95 |    91 ||   368
